 Dungeon Crawl Stone Soup version 0.28.0-45-g0d030f2227 (webtiles) character file.

Game seed: 1581956890651366020

15693 theElss the Fighter (level 12, -4/120 HPs)
             Began as a Gargoyle Berserker on Apr 16, 2022.
             Was a High Priest of Trog.
             Slain by an enormous slime creature (67 damage)
             ... on level 12 of the Dungeon.
             The game lasted 00:22:49 (13430 turns).

theElss the Fighter (Gargoyle Berserker)           Turns: 13430, Time: 00:22:49

Health: -4/120     AC: 19    Str: 22    XL:     12   Next: 29%
Magic:  12/12      EV: 17    Int:  8    God:    Trog [*****.]
Gold:   703        SH:  0    Dex: 19    Spells: 11/11 levels left

rFire   x . .      SeeInvis +   a - +7 mace of Bejizal {speed, rPois rF- rN+ Dex+4}
rCold   . . .      Faith    +   (no shield)
rNeg    + + +      Spirit   .   e - +1 leather armour "Vejauwuu" {Will++ Int-2 Dex+4}
rPois   ∞          Reflect  .   E - +1 hat {SInv}
rElec   +          Harm     .   l - +0 cloak {rCorr}
rCorr   +          Rampage  .   s - +0 pair of gloves
Will    ++++.                   g - +0 pair of boots
Stlth   ..........              r - amulet of faith
HPRegen 1.30/turn               v - ring of positive energy
MPRegen 0.13/turn               (no ring)

@: berserking, strong-willed, regenerating, very quick
A: sickness immunity, AC +8, negative energy resistance 1, electricity
resistance, torment resistance 1, petrification resistance
a: Renounce Religion, Berserk, Trog's Hand, Brothers in Arms


You were on level 12 of the Dungeon.
You worshipped Trog.
Trog was extremely pleased with you.
You visited 1 branch of the dungeon, and saw 12 of its levels.
You also visited: Sewer.

You collected 703 gold pieces.

Inventory:

Hand Weapons
 a - the +7 mace of Bejizal (weapon) {speed, rPois rF- rN+ Dex+4}
   (You found it on level 2 of the Dungeon)

   Attacks with this weapon are significantly faster.
   Dex:       It affects your dexterity (+4).
   rF:        It makes you vulnerable to fire.
   rPois:     It protects you from poison.
   rN:        It protects you from negative energy.
 b - a +3 antimagic mace
Missiles
 F - 3 throwing nets (quivered)
Armour
 e - the +1 leather armour "Vejauwuu" (worn) {Will++ Int-2 Dex+4}
   (You found it on level 2 of the Dungeon)

   Int:       It affects your intelligence (-2).
   Dex:       It affects your dexterity (+4).
   Will:      It greatly increases your willpower.
 g - a +0 pair of boots (worn)
 l - a +0 cloak of preservation (worn)
 s - a +0 pair of gloves (worn)
 E - a +1 hat of see invisible (worn)
Jewellery
 r - an amulet of faith (around neck)
 t - a ring of resist corrosion
 v - a ring of positive energy (left hand)
 C - an amulet of guardian spirit
Wands
 j - a wand of flame (59)
 k - a wand of polymorph (9)
 w - a wand of iceblast (4)
Scrolls
 c - 3 scrolls of fog {unknown}
 d - 2 scrolls of enchant weapon
 f - a scroll of fear
 n - a scroll of brand weapon {unknown}
 p - 2 scrolls of magic mapping {unknown}
 q - 3 scrolls of enchant armour {unknown}
 y - 6 scrolls of amnesia {unknown}
 H - a scroll of identify
 J - a scroll of teleportation {unknown}
 K - a scroll of immolation {unknown}
 L - a scroll of summoning {unknown}
Potions
 h - 3 potions of mutation {unknown}
 i - 6 potions of curing
 m - 2 potions of lignification {unknown}
 o - 3 potions of might
 u - 3 potions of attraction
 x - a potion of degeneration {unknown}
 z - 2 potions of brilliance {unknown}
 A - 3 potions of heal wounds
 B - a potion of invisibility {unknown}
 D - 2 potions of haste {unknown}
 G - 2 potions of cancellation {unknown}
 I - 6 potions of ambrosia


   Skills:
 + Level 11.4 Fighting
 + Level 10.4 Maces & Flails
 + Level 11.1 Armour
 + Level 8.5 Dodging


You had 11 spell levels left.
You didn't know any spells.
Your spell library was empty.

Dungeon Overview and Level Annotations

Branches:
Dungeon (12/15)            Temple (0/1) D:6            Lair (0/6) D:10
    Orc (0/2) D:11          Sewer (visited)

Altars:
Sif Muna

Shops:
D:11 (

Portals:
Abyss: D:4

Annotations:
D:4 2 transporters, XSreality's ghost, amateur MiFi
D:9 exclusion: orange crystal statue


Innate Abilities, Weirdness & Mutations

You are immune to sickness and miasma.
Your stone body is resilient. (AC +8)
You are immune to poison.
You resist negative energy. (rN+)
You are resistant to electric shocks. (rElec)
You are resistant to unholy torment.
You are immune to petrification.


Message History

The slime creature quivers.
You sock the slime creature!
The slime creature is lightly wounded.
Unknown command.
Unknown command.
The slime creature is engulfed in calcifying dust.
The slime creature is moving more slowly.
The slime creature closely misses you.
The deep elf pyromancer is engulfed in calcifying dust.
The deep elf pyromancer is moving more slowly.
The slime creature completely misses you.
The slime creature is engulfed in calcifying dust.
The slime creature stops moving altogether!
Two slime creatures merge to form a large slime creature.
You open the door. The slime creature barely misses you.
The slime creature closely misses you.
Two slime creatures merge to form a large slime creature.
There is an open door here.
Unknown command.
You swing at nothing.
You hit the large slime creature but do no damage.
You sock the large slime creature!
The large slime creature is lightly wounded.
The large slime creature barely misses you.
Two slime creatures merge to form an enormous slime creature.
You sock the enormous slime creature!
The enormous slime creature is lightly wounded.
You hit the enormous slime creature.
The enormous slime creature is lightly wounded.
A red film seems to cover your vision as you go berserk!
You feel yourself moving faster!
You feel mighty! The enormous slime creature hits you!!!
Unknown command.
You sock the enormous slime creature!
The enormous slime creature is lightly wounded.
You bludgeon the enormous slime creature!!
The enormous slime creature is moderately wounded.
The enormous slime creature hits you!!!
Ouch! That really hurt!
You die...

.........#.##.#...##########...#
......####.##.#.......# #...#
....÷.# #........###.######...##
.<....# ####............JJJ.....
......# #..###'#####'#####+##
#.###########..##...##.[## #.#
#.....#..#####.#..# #.#
#.....#.cJ#...#'##.# #.#
#......J.#@###### #.. ..#
#.....#.e##^..# ..# .##
#.....##o###+### #+### .# ######
#c#.....#.....# .####
#.#.###.#eYc".#
>...##########.'#.e.#'o§cR.+
.##............#°###.#
.##.#.##.##....#C°☼..#
......##.##.##.###+###


You could see an enormous slime creature and a yaktaur.

Vanquished Creatures
  Gastronok (D:8)
  Snorg (D:11)
  A hydra (D:12)
  Harold (D:8)
  A catoblepas (D:11)
  A centaur warrior (D:11)
  A two-headed ogre (D:8)
  A manticore (D:12)
  An ugly thing (D:10)
  A komodo dragon (D:12)
  Psyche (D:11)
  A queen bee (D:9)
  2 hornets (D:9)
  6 trolls
  3 shadows
  2 wraiths
  8 yaks (D:11)
  Edmund (D:6)
  An acid dragon (D:9)
  Duvessa (D:7)
  A water moccasin (D:7)
  4 orc warriors
  A sky beast (D:5)
  An ice beast (D:7)
  3 black bears
  A necrophage (D:6)
  4 ogres
  6 centaurs
  4 kobold brigands
  A gnoll sergeant (D:7)
  5 scorpions
  4 bullfrogs
  A wyvern skeleton (D:6)
  Dowan (D:7)
  35 killer bees
  5 howler monkeys
  A centaur zombie (D:8)
  2 hounds (D:4)
  5 orc priests
  Crazy Yiuf (D:2)
  A gnoll shaman (D:8)
  A centaur skeleton (D:6)
  5 iguanas
  Natasha (thrice) (D:2)
  2 orc wizards
  2 scorpion zombies
  A howler monkey zombie (D:9)
  6 gnolls
  A howler monkey skeleton (D:5)
  4 river rats (Sewer)
  13 adders
  2 ufetubi
  An adder zombie (D:2)
  3 adder skeletons
  4 dart slugs
  33 orcs
  3 bats
  4 endoplasms
  3 giant cockroaches
  14 goblins
  4 hobgoblins
  3 jackals (Sewer)
  21 kobolds
  3 quokkas (D:1)
  9 ball pythons
  6 frilled lizards
  A giant cockroach zombie (D:2)
  A jackal skeleton (D:2)
  6 rats
282 creatures vanquished.

Vanquished Creatures (others)
  8 fungi (D:10)
  27 plants
35 creatures vanquished.

Grand Total: 317 creatures vanquished

Notes
Turn   | Place    | Note
-------+----------+-------------------------------------------
     0 | D:1      | theElss the Gargoyle Berserker began the quest for the Orb.
     0 | D:1      | Reached XP level 1. HP: 14/14 MP: 1/1
   248 | D:1      | Reached XP level 2. HP: 19/19 MP: 2/2
  1320 | D:2      | Reached XP level 3. HP: 22/24 MP: 3/3
  1443 | D:2      | Identified the +1 leather armour "Vejauwuu" {Will++ Int-2
                  | Dex+4}
  1487 | D:2      | Reached XP level 4. HP: 21/29 MP: 4/4
  1753 | D:2      | Noticed Natasha
  1761 | D:2      | Killed Natasha
  1871 | D:2      | Noticed Natasha
  1876 | D:2      | Killed Natasha
  1877 | D:2      | Reached XP level 5. HP: 33/33 MP: 5/5
  1924 | D:2      | Noticed Natasha
  2007 | D:2      | Killed Natasha
  2072 | D:2      | Reached ** piety under Trog
  2223 | D:2      | Found a runed translucent door.
  2224 | D:2      | Noticed Crazy Yiuf
  2235 | D:2      | Killed Crazy Yiuf
  2240 | D:2      | Identified the +7 mace of Bejizal {speed, rPois rF- rN+
                  | Dex+4}
  2304 | D:2      | You fall into a shaft and drop 1 floor!
  2488 | D:3      | Reached XP level 6. HP: 39/39 MP: 6/6
  2672 | D:3      | Found a glowing drain.
  2694 | Sewer    | Entered a sewer
  2934 | Sewer    | Reached skill level 5 in Fighting
  3085 | Sewer    | Reached XP level 7. HP: 42/44 MP: 7/7
  3628 | D:3      | Reached *** piety under Trog
  4257 | D:4      | Reached skill level 5 in Maces & Flails
  4374 | D:4      | Noticed a small abomination
  4399 | D:4      | Reached skill level 5 in Armour
  4425 | D:4      | Found a one-way gate to the infinite horrors of the Abyss.
  4425 | D:4      | Noticed XSreality's ghost (amateur MiFi)
  4432 | D:4      | Found a transporter.
  4438 | D:4      | Found a transporter.
  4691 | D:4      | Reached XP level 8. HP: 45/51 MP: 8/8
  4804 | D:4      | Noticed a small abomination
  4893 | D:5      | Entered Level 5 of the Dungeon
  6207 | D:6      | Reached **** piety under Trog
  6292 | D:6      | Noticed Edmund
  6299 | D:6      | Killed Edmund
  6384 | D:6      | Found a staircase to the Ecumenical Temple.
  6574 | D:6      | Reached XP level 9. HP: 56/56 MP: 9/9
  6881 | D:7      | Noticed Duvessa
  6882 | D:7      | Noticed Dowan
  6891 | D:7      | Killed Duvessa
  6892 | D:7      | Reached skill level 5 in Dodging
  6897 | D:7      | Killed Dowan
  7145 | D:7      | Noticed a troll
  7158 | D:7      | Killed a troll
  7562 | D:7      | Noticed a troll
  7569 | D:7      | Killed a troll
  7818 | D:7      | Found a shimmering blue altar of Sif Muna.
  8025 | D:8      | Noticed a two-headed ogre
  8033 | D:8      | Killed a two-headed ogre
  8034 | D:8      | Reached XP level 10. HP: 65/65 MP: 10/10
  8383 | D:8      | Noticed Gastronok
  8384 | D:8      | Noticed Harold
  8401 | D:8      | Killed Harold
  8420 | D:8      | Killed Gastronok
  8935 | D:8      | Reached ***** piety under Trog
  9336 | D:9      | Noticed an orange crystal statue
  9523 | D:9      | Reached XP level 11. HP: 45/71 MP: 11/11
  9934 | D:9      | Reached skill level 10 in Fighting
 10312 | D:10     | Entered Level 10 of the Dungeon
 10619 | D:10     | Noticed a white ugly thing
 10646 | D:10     | Killed a white ugly thing
 11119 | D:10     | Found a staircase to the Lair.
 11248 | D:10     | Reached skill level 10 in Armour
 11579 | D:11     | Noticed a centaur warrior
 11594 | D:11     | Killed a centaur warrior
 11832 | D:11     | Noticed a catoblepas
 11841 | D:11     | Killed a catoblepas
 11876 | D:11     | Found Pusaph's Weapon Boutique.
 12186 | D:11     | Noticed Psyche
 12199 | D:11     | Killed Psyche
 12280 | D:11     | Reached skill level 10 in Maces & Flails
 12301 | D:11     | Received a gift from Trog
 12305 | D:11     | Reached XP level 12. HP: 80/80 MP: 12/12
 12519 | D:11     | Noticed Snorg
 12546 | D:11     | Killed Snorg
 12635 | D:11     | Found a staircase to the Orcish Mines.
 13202 | D:12     | Noticed an eight-headed hydra
 13202 | D:12     | Noticed a boulder beetle
 13222 | D:12     | Killed an eight-headed hydra
 13393 | D:12     | Noticed a catoblepas
 13430 | D:12     | Slain by an enormous slime creature

Illustrated notes

Levels and vault maps discovered:
D:1:      minmay_arrival_arboretum_large, layout_basic
D:2:      layout_rooms, serial_undead, serial_undead_b, serial_undead_b,
          serial_undead_d, serial_undead_e, serial_undead_a, serial_undead_d,
          kennysheep_generic_room_12, uniq_crazy_yiuf_cottage, uniq_natasha
D:3:      layout_basic, gup_sewer_entry_glass, supply_closet_lemuel
D:4:      layout_cave_pools, gammafunk_ghost_abyssal_escape
D:5:      layout_gridville, skrybe_limestone_x
D:6:      black_bear_nest_2, layout_loops_ring, temple_pool_b, uniq_edmund
D:7:      layout_gridville, lemuel_doored_altar, kb_rosetta, uniq_duvessa
D:8:      layout_loops_ring, uniq_gastronok, uniq_harold
D:9:      layout_roguey [special_room_bee], minmay_protected_statue
D:10:     layout_long_grid, grunt_lair_entry_orc_guard_hut
D:11:     layout_loops_ring, hiddenorc1_lemuel, serial_shops,
          nicolae_shop_advertising_works [nicolae_subvault_shop_adworks],
          uniq_snorg, uniq_psyche
D:12:     minmay_the_grid_square_5x5_3x3
          [minmay_the_grid_square_5x5_eight_small,
          minmay_the_grid_square_5x5_percent,
          minmay_the_grid_square_5x5_two_small,
          minmay_the_grid_square_5x5_detours,
          minmay_the_grid_square_5x5_megaprize_open,
          minmay_the_grid_square_5x5_sharp_hourglass,
          minmay_the_grid_square_5x5_tri_point,
          minmay_the_grid_square_5x5_lines,
          minmay_the_grid_square_5x5_two_walls_b], layout_loops_cross,
          minmay_radiant

Skill      XL: |  1  2  3  4  5  6  7  8  9 10 11 12 |
---------------+-------------------------------------+-----
Dodging        | 2 3 4 6 7 8 |  8.5
Armour         | 3 4 5 6 7 9 10 11 | 11.1
Fighting       | 4 5 6 8 9 11 | 11.4
Maces & Flails | 4 5 6 7 8 10 | 10.4

Action                   |  1- 3 |  4- 6 |  7- 9 | 10-12 || total
-------------------------+-------+-------+-------+-------++-------
Melee: Mace              |   104 |   124 |   244 |   612 ||  1084
       Punch             |     1 |     1 |     3 |     9 ||    14
Invok: Berserk           |     1 |     5 |     3 |     8 ||    17
       Trog's Hand       |       |       |       |     4 ||     4
  Use: Scroll            |       |       |     6 |       ||     6
 Stab: Sleeping          |     1 |       |     3 |     2 ||     6
       Petrified         |       |       |       |     3 ||     3
Armor: Animal skin       |    12 |       |       |       ||    12
       Scale mail        |    21 |       |       |       ||    21
       Leather armour    |     8 |    66 |    94 |   178 ||   346
Dodge: Dodged            |    77 |    79 |   168 |   380 ||   704
